 Dungeon Crawl Stone Soup version 0.29-a0-414-g5075937ec3 (webtiles) character file.

Game seed: 16928717992389916720

4640 purpskrrrp the Cleaver (level 10, -7/83 HPs)
             Began as a Demigod Fighter on May 16, 2022.
             Mangled by a wight
             ... wielding a +5 morningstar
              (12 damage)
             ... on level 8 of the Dungeon.
             The game lasted 00:42:03 (7148 turns).

purpskrrrp the Cleaver (Demigod Fighter)            Turns: 7148, Time: 00:42:04

Health: -7/83      AC: 19    Str: 29    XL:     10   Next: 0%
Magic:  13/13      EV:  8    Int: 10    God:
Gold:   201        SH:  0    Dex: 13    Spells: 9/9 levels left

rFire   . . .      SeeInvis .   F - +2 glaive (vamp)
rCold   . . .      Faith    .   (shield currently unavailable)
rNeg    + . .      Spirit   .   j - +3 plate armour
rPois   .          Reflect  .   (no helmet)
rElec   .          Harm     .   m - +0 cloak
rCorr   .          Rampage  .   o - +0 pair of gloves
Will    ++...                   t - +0 pair of boots
Stlth   ..........              (no amulet)
HPRegen 0.23/turn               v - ring of positive energy
MPRegen 0.13/turn               B - ring of willpower

@: no status effects
A: high MP 1, forlorn, divine attributes
a: no special abilities


You were on level 8 of the Dungeon.
You visited 1 branch of the dungeon, and saw 8 of its levels.

You collected 476 gold pieces.
You spent 275 gold pieces at shops.

Inventory:

Hand Weapons
 a - a +0 war axe
 d - a +3 quarterstaff of chaos
 F - a +2 vampiric glaive (weapon)
Missiles
 z - 5 poisoned darts
 C - 2 curare-tipped darts (quivered)
Armour
 c - a +0 buckler
 j - a +3 plate armour (worn)
 m - a +0 cloak (worn)
 o - a +0 pair of gloves (worn)
 t - a +0 pair of boots (worn)
 E - an orb of mayhem
Jewellery
 v - a ring of positive energy (left hand)
 B - a ring of willpower (right hand)
Wands
 h - a wand of polymorph (16)
 y - a wand of digging (7)
Scrolls
 b - a scroll of magic mapping {unknown}
 f - a scroll of vulnerability
 g - 3 scrolls of teleportation
 i - a scroll of fear
 r - a scroll of amnesia {unknown}
 D - a scroll of immolation {unknown}
Potions
 e - 6 potions of curing
 k - a potion of might
 l - a potion of mutation {unknown}
 p - 5 potions of haste
 s - 2 potions of magic
 w - 4 potions of flight
 x - 3 potions of lignification
 A - a potion of ambrosia {unknown}


   Skills:
 + Level 6.2 Fighting
 + Level 8.3(9.0) Axes
 + Level 4.9(7.3) Polearms
 + Level 0.2 Throwing
 + Level 6.7 Armour
 + Level 1.6 Dodging
 + Level 4.4 Shields
 + Level 1.1 Unarmed Combat
 + Level 2.4 Evocations


You had 9 spell levels left.
You didn't know any spells.
Your spell library contained the following spells:

 Spells                   Type           Power      Damage    Failure   Level
 Apportation              Tloc           0%         N/A       98%         1
 Ensorcelled Hibernation  Hex/Ice        0%         N/A       99%         2
 Passwall                 Tmut/Erth      0%         N/A       99%         2
 Swiftness                Air            0%         N/A       100%        3
 Alistair's Intoxication  Tmut/Pois      0%         N/A       100%        5


Dungeon Overview and Level Annotations

Branches:
Dungeon (9/15)             Temple (0/1) D:6
   Lair: D:8-11         Orc: D:9-12

Shops:
D:6 [   D:9 (


Innate Abilities, Weirdness & Mutations

You have an increased reservoir of magic. (+10% MP)
You shall have no god before yourself.
Your divine heritage dramatically boosts your attributes as you level up.


Message History

You slash the wight!
The wight is heavily damaged.
The wight barely misses you.
A wight comes into view. It is wielding a +0 flail.
The wight barely misses you.
You barely miss the wight.
The wight is heavily damaged.
The wight closely misses you.
You slash the wight!
You destroy the wight!
A wight comes into view. It is wielding a +5 morningstar.
A wight comes into view. It is wielding a +0 dagger.
You slice the wight!!
You destroy the wight!
You slash the wight!
The wight is severely damaged.
The wight closely misses you. The wight barely misses you.
You barely miss the wight.
The wight is severely damaged.
The wight hits you but does no damage. The wight barely misses you.
You slice the wight!!
You destroy the wight!
The wight hits you with a +0 flail.
* * * LOW HITPOINT WARNING * * *
The wight closely misses you.
Things that are here:
a +0 dagger; a +0 robe You slash the wight!
You destroy the wight!
You have reached level 10!
The centaur warrior shouts!
The centaur warrior shoots an arrow.
The arrow hits you!
* * * LOW HITPOINT WARNING * * *
The centaur warrior shoots an arrow.
The arrow hits you.
* * * LOW HITPOINT WARNING * * *
As you read the scroll of fear, it crumbles to dust.
You assume a fearsome visage.
The wight is unaffected.
The centaur warrior looks frightened!
The wight hits you with a +5 morningstar!
You die...

##################
#................#####
#(...........z@..'....
#........###.....#####
#........# #.....# #........#
#.....# #...#.#.## #.....#
#...._..# #.....# #...#.###
#.....# #......#####.....# ...
###......'...'.....####.......


You could see a wight.

Vanquished Creatures
  A manticore (shapeshifter) (D:8)
  A gargoyle (D:6)
  An orange demon (D:8)
  6 yaks
  A steam dragon (D:8)
  5 water moccasins
  An orc warrior (D:6)
  2 black bears
  A phantom (D:4)
  2 centaurs (D:8)
  3 kobold brigands
  5 scorpions
  A necrophage (D:6)
  4 wights (D:8)
  5 killer bees (D:8)
  A howler monkey (D:4)
  4 hounds
  A jelly (D:6)
  Crazy Yiuf (D:4)
  2 orc priests
  4 iguanas
  2 killer bee zombies (D:4)
  2 orc wizards
  12 adders
  2 shadow imps (D:6)
  A white imp (D:5)
  An ufetubus (D:4)
  A worm (D:3)
  The ghost of croobank the Covert, a weakling GnDe (D:4)
  3 dart slugs
  18 orcs
  8 ball pythons
  7 bats
  3 endoplasms
  3 giant cockroaches
  11 goblins
  5 hobgoblins
  14 kobolds
  6 quokkas
  6 frilled lizards
  21 rats
179 creatures vanquished.

Notes
Turn   | Place    | Note
-------+----------+-------------------------------------------
     0 | D:1      | purpskrrrp the Demigod Fighter began the quest for the Orb.
     0 | D:1      | Reached XP level 1. HP: 18/18 MP: 3/3
   143 | D:1      | Reached XP level 2. HP: 26/26 MP: 4/4
   467 | D:1      | Reached skill level 2 in Axes
   767 | D:2      | Reached XP level 3. HP: 16/31 MP: 5/5
  1793 | D:3      | Reached XP level 4. HP: 36/38 MP: 6/6
  2773 | D:4      | Noticed a black bear
  2776 | D:4      | Reached skill level 3 in Axes
  2777 | D:4      | Reached XP level 5. HP: 45/45 MP: 7/7
  2779 | D:4      | Killed a black bear
  2896 | D:4      | Reached skill level 4 in Axes
  2896 | D:4      | Reached XP level 6. HP: 51/51 MP: 8/8
  2940 | D:4      | Found a runed translucent gate.
  2941 | D:4      | Found a runed translucent gate.
  2948 | D:4      | Found a runed translucent gate.
  2954 | D:4      | Noticed croobank's ghost (weakling GnDe)
  3237 | D:4      | Found a runed translucent door.
  3238 | D:4      | Noticed Crazy Yiuf
  3260 | D:4      | Reached skill level 1 in Dodging
  3509 | D:4      | Killed croobank's ghost
  3722 | D:4      | Killed Crazy Yiuf
  3723 | D:4      | Reached XP level 7. HP: 43/58 MP: 9/9
  3885 | D:5      | Entered Level 5 of the Dungeon
  3917 | D:5      | Reached skill level 5 in Axes
  4047 | D:5      | Reached skill level 5 in Armour
  4238 | D:5      | Reached skill level 1 in Evocations
  4504 | D:6      | Reached skill level 6 in Axes
  4658 | D:6      | Found Jeran's Antique Armour Shoppe.
  4688 | D:6      | Reached XP level 8. HP: 64/66 MP: 10/10
  4762 | D:6      | Reached skill level 1 in Unarmed Combat
  4934 | D:6      | Reached skill level 7 in Axes
  5204 | D:6      | Noticed a gargoyle
  5206 | D:6      | Killed a gargoyle
  5207 | D:6      | Reached skill level 5 in Fighting
  5349 | D:6      | Reached XP level 9. HP: 74/74 MP: 11/11
  5358 | D:6      | Reached skill level 8 in Axes
  5559 | D:6      | Found a staircase to the Ecumenical Temple.
  6185 | D:6      | You fall into a shaft and drop 3 floors!
  6185 | D:9      | Found Bupe's Antique Weapon Shop.
  6189 | D:9      | Bought a glowing glaive for 275 gold pieces
  6368 | D:8      | Reached skill level 1 in Polearms
  6379 | D:8      | Noticed a manticore
  6379 | D:8      | a jumping spider changed into a manticore
  6384 | D:8      | Killed a manticore
  6694 | D:8      | Noticed an orange demon
  6706 | D:8      | Noticed a centaur warrior
  6708 | D:8      | Killed an orange demon
  7133 | D:8      | Reached XP level 10. HP: 24/83 MP: 13/13
  7148 | D:8      | Mangled by a wight

Illustrated notes

Levels and vault maps discovered:
D:1:      matt_arrival_grand_opening, layout_basic,
          hellmonk_ecumenical_altar_inner_sanctum, minmay_distorted
D:2:      layout_loops_ring, minmay_hedge_maze, minivault_25
D:3:      layout_basic, mainiacjoe_overflow_chevrons, fedhas_altar_fruit_tree,
          nicolae_ru_sacrificial_ziggurat, minmay_increasing_density
D:4:      layout_loops_cross, gammafunk_ghost_necromancy, minmay_rat_hole,
          uniq_crazy_yiuf_cottage
D:5:      layout_basic
D:6:      minmay_inner_zag, layout_basic, trog_butcher_becter,
          lemuel_temple_firewalk_a, serial_shops, nicolae_shop_hallway_plus,
          hangedman_decor_riveting
D:8:      layout_basic, lemuel_crystal_altar, minmay_misc_feat_nine_boxes,
          minmay_microvault, uniq_amaemon
D:9:      layout_roguey, kennysheep_mini_moat, nzn_wu_jian_contemplation,
          lemuel_mausoleum_altar_kikubaaqudgha, serial_shops,
          nicolae_shop_trees, uniq_psyche

Skill      XL: |  1  2  3  4  5  6  7  8  9 |
---------------+----------------------------+-----
Fighting       | 3 4 5 6 |  6.2
Armour         | 3 4 5 6 |  6.7
Axes           | 2 3 4 6 7 8 |  8.3
Shields        | 3 4 |  4.4
Dodging        | 1 |  1.6
Evocations     | 1 2 |  2.4
Unarmed Combat | 1 |  1.1
Polearms       | 4 |  4.9
Throwing       | |  0.2

Action                   |  1- 3 |  4- 6 |  7- 9 | 10-12 || total
-------------------------+-------+-------+-------+-------++-------
Melee: War axe           |   138 |   150 |   165 |       ||   453
       Unarmed           |       |     5 |       |       ||     5
       Glaive            |       |       |    85 |       ||    85
Throw: Dart              |       |       |     6 |       ||     6
Evoke: Wand              |       |     5 |    27 |       ||    32
  Use: Scroll            |     1 |     9 |     6 |     1 ||    17
       Potion            |       |     1 |     7 |       ||     8
Armor: Scale mail        |    54 |       |       |       ||    54
       Plate armour      |    44 |   122 |   243 |       ||   409
       Skin              |       |     2 |       |       ||     2
Dodge: Dodged            |    74 |    53 |   127 |       ||   254
Block: Buckler           |    35 |    24 |    36 |       ||    95

Table legend: (Time is in decaauts)
 A = Elapsed time spent in this place.
 B = Non-inter-level travel time spent in this place.
 C = Inter-level travel time spent in this place.
 D = Time resting spent in this place.
 E = Time spent auto-exploring this place.
 F = Levels seen in this place.
 G = Mean time per level.
                   A        B        C        D        E       F      G
               +--------+--------+--------+--------+--------+-----+--------+
         Total |   7318 |   6551 |    767 |   1175 |   3791 |   8 |  914.8 |
       Dungeon |   7318 |   6551 |    767 |   1175 |   3791 |   8 |  914.8 |
               +--------+--------+--------+--------+--------+-----+--------+

Top non-repeatable levels by time:
     D:6: 1749 daAuts
     D:4: 1496 daAuts
     D:2: 983 daAuts
     D:8: 925 daAuts
     D:1: 781 daAuts
     D:3: 721 daAuts
     D:5: 584 daAuts
     D:9: 76 daAuts
